 Dungeon Crawl Stone Soup version 0.21-a0-508-gf08a75f (webtiles) character file.

485 torrenera the Changer (level 6, -10/47 HPs)
             Began as a Draconian Transmuter on Nov 28, 2017.
             Was a Follower of Qazlal.
             Mangled by an ogre
             ... wielding a +0 giant spiked club
              (18 damage)
             ... on level 4 of the Dungeon.
             The game lasted 00:11:32 (4349 turns).

torrenera the Changer (Draconian Transmuter)        Turns: 4349, Time: 00:11:33

Health: -10/47     AC:  6    Str: 13    XL:     6   Next: 88%
Magic:  4/10       EV: 11    Int: 15    God:    Qazlal [*.....]
Gold:   232        SH:  2    Dex: 11    Spells: 4/10 levels left

rFire    + . .     SeeInvis .     - Unarmed
rCold    + . .     Gourm    .   (no shield)
rNeg     . . .     Faith    .   (armour unavailable)
rPois    +         Spirit   .   (helmet restricted)
rElec    +         Reflect  .   d - scarf {cloud immunity}
rCorr    +         Harm     .   (no gloves)
MR       .....                  (no boots)
Stlth    +.........             (no amulet)
HPRegen  0.15/turn              l - ring of poison resistance
MPRegen  0.12/turn              o - ring of wizardry

@: lethally poisoned (-10 -> -14), resistant, very slightly contaminated,
heavily drained, invisible
A: unfitting armour, cold-blooded, AC +6
a: Renounce Religion


You were on level 4 of the Dungeon.
You worshipped Qazlal.
Qazlal was aware of your devotion.
You were not hungry.

You visited 1 branch of the dungeon, and saw 4 of its levels.

You collected 232 gold pieces.

Inventory:

Hand Weapons
 e - a +0 dagger of venom
Missiles
 a - 59 arrows
 f - 56 sling bullets
 g - 79 stones (quivered)
Armour
 d - a scarf of cloud immunity (worn)
 n - a +2 shield of reflection
Jewellery
 l - a ring of poison resistance (left hand)
 o - a ring of wizardry (right hand)
Scrolls
 i - 5 scrolls of identify
 j - a scroll of enchant armour {unknown}
Books
 b - a book of Changes

   Spells                             Type                      Level
   a - Beastly Appendage              Transmutation                1
   b - Sticks to Snakes               Transmutation                2
   c - Spider Form                    Transmutation/Poison         3
   d - Ice Form                       Ice/Transmutation            4
   e - Blade Hands                    Transmutation                5
Comestibles
 c - 4 bread rations
 h - a chunk of flesh
 p - a meat ration


   Skills:
 - Level 1.1(0.0) Fighting
 - Level 1.7(0.0) Dodging
 - Level 3.8(1.9) Unarmed Combat
 * Level 2.9(1.0) Spellcasting
 + Level 5.0(3.0) Transmutations
 - Level 4.1(2.2) Poison Magic


You had 4 spell levels left.
You knew the following spells:

 Your Spells              Type           Power        Failure   Level  Hunger
a - Beastly Appendage     Tmut           ##....       2%          1    ##.....
b - Sticks to Snakes      Tmut           ##......     4%          2    ###....
c - Spider Form           Tmut/Pois      #.........   10%         3    ####...


Dungeon Overview and Level Annotations

Branches:
Dungeon (4/15)
 Temple: D:4-7

Altars:
Qazlal

Annotations:
D:4 Ijyb; Salmacis's ghost, amateur GrEE


Innate Abilities, Weirdness & Mutations

Your plain brown scales are hard. (AC +6)
You cannot fit into any form of body armour.
You are cold-blooded and may be slowed by cold attacks.


Message History

* * * LOW HITPOINT WARNING * * *
You are poisoned.
The worker ant poisons you!
You feel sick.
The worker ant bites you but does no damage.
You feel sick.
You feel protected. The worker ant closely misses you.
Ijyb screams, "I no like you!"
You're too confused!
It was a potion of invisibility.
You fade into invisibility!
You feel sick. The ogre misses you. The worker ant closely misses you.
You are very lightly contaminated with residual magic.
You hit the worker ant. You tail-slap the worker ant.
The worker ant is moderately wounded.
You feel less confused. The worker ant closely misses you.
The ogre hits you with a giant spiked club!!
You die...

.....# ##.# #.........O.# ##.#
#....##..## #............##..#
#.......###.............#..#
##...#...##............<...#
##..###....#..............# #
###...# ##...## ............
#####.....# ##.W.####...........
..........# ##Oag..##...........
..........####..@................
.................ยง.....##........
.........................#.......
....................####.........
................#..## ##..##....
................#.## ##. ###..
................#.# #. ..
#..............<#.# # ..
##.............##.# ..


You could see an ogre, Ijyb, a worker ant and Salmacis's ghost.

Vanquished Creatures
  A big kobold (D:3)
  A bullfrog (D:4)
  A scorpion (D:4)
  An orc priest (D:4)
  Jessica (D:2)
  A worker ant (D:4)
  4 gnolls (D:3)
  3 adders
  An adder skeleton (D:4)
  A dart slug (D:2)
  3 leopard geckos
  9 orcs
  11 bats
  5 giant cockroaches
  9 goblins
  12 hobgoblins
  5 kobolds
  2 quokkas
  2 ball pythons
  3 frilled lizards
  10 rats
86 creatures vanquished.

Vanquished Creatures (collateral kills)
  2 scorpions
  2 adders (D:3)
  A kobold (D:3)
5 creatures vanquished.

Grand Total: 91 creatures vanquished

Notes
Turn   | Place    | Note
-------+----------+-------------------------------------------
     0 | D:1      | torrenera the Draconian Transmuter began the quest for the Orb.
     0 | D:1      | Reached XP level 1. HP: 16/16 MP: 3/3
   343 | D:1      | Reached XP level 2. HP: 23/23 MP: 5/5
   352 | D:1      | Learned a level 2 spell: Sticks to Snakes
  1149 | D:2      | Reached XP level 3. HP: 27/28 MP: 6/6
  1157 | D:2      | Learned a level 3 spell: Spider Form
  1453 | D:2      | Reached skill level 1 in Poison Magic
  1752 | D:2      | Noticed Jessica
  1758 | D:2      | Killed Jessica
  1758 | D:2      | Reached XP level 4. HP: 28/35 MP: 1/7
  1951 | D:2      | Found a stormy altar of Qazlal.
  2036 | D:2      | Became a worshipper of Qazlal Stormbringer
  2287 | D:3      | Noticed a big kobold
  2321 | D:3      | Killed a big kobold
  2321 | D:3      | Reached skill level 3 in Transmutations
  2321 | D:3      | Reached XP level 5. HP: 16/40 MP: 3/8
  2774 | D:3      | Reached * piety under Qazlal
  2952 | D:3      | Reached XP level 6. HP: 20/47 MP: 6/9
  3272 | D:3      | Reached skill level 4 in Transmutations
  3984 | D:4      | Noticed Salmacis's ghost (amateur GrEE)
  4228 | D:4      | Reached skill level 5 in Transmutations
  4342 | D:4      | Noticed Ijyb
  4349 | D:4      | Mangled by an ogre

Vault maps used:
D:1:      sevenhm_arrival_forest_fort_small_3
D:2:      overflow_temple_1_default, first_bread, minmay_tiny_reverse_x,
          uniq_jessica
D:3:      minmay_strange_pillars
D:4:      nicolae_ossuary_entry_ruins, minmay_misc_feat_rows,
          corexii_item_surrounded_by_moat, hangedman_decor_growths, uniq_ijyb

Skill      XL: |  1  2  3  4  5  6 |
---------------+-------------------+-----
Poison Magic   | 2 3 4 |  4.1
Transmutations | 3 5 |  5.0
Fighting       | |  1.1
Dodging        | |  1.7
Unarmed Combat | |  3.8
Spellcasting   | |  2.9

Action                   |  1- 3 |  4- 6 || total
-------------------------+-------+-------++-------
Melee: Unarmed           |   135 |   200 ||   335
       Tailslap          |    11 |    13 ||    24
       Headbutt          |     4 |     2 ||     6
       Punch             |     2 |     1 ||     3
       Kick              |     2 |     5 ||     7
Throw: Stone             |    43 |     5 ||    48
 Cast: Beastly Appendage |     9 |     4 ||    13
       Sticks to Snakes  |     2 |    13 ||    15
       Spider Form       |       |     7 ||     7
  Use: Potion            |       |     6 ||     6
       Scroll            |       |     5 ||     5
 Stab: Sleeping          |     1 |     1 ||     2
       Distracted        |       |     1 ||     1
  Eat: Chunk             |     3 |    10 ||    13
Armor: Skin              |    39 |    22 ||    61
Dodge: Dodged            |   106 |   156 ||   262
Block: Other             |       |     7 ||     7

Table legend:
 A = Spawn XP
 B = Non-spawn XP
 C = Spawn XP percentage of total XP
 D = Spawn monster count
 E = Non-spawn monster count
 F = Spawn count percentage of total count
 G = Total turns spent on level
                    A         B        C        D         E        F      G
               +---------+---------+-------+---------+---------+-------+---------
         Total |       0 |     694 |   0.0 |       0 |      91 |   0.0 |  4349
               +---------+---------+-------+---------+---------+-------+---------
           D:1 |       0 |      28 |   0.0 |       0 |      20 |   0.0 |   927
           D:2 |       0 |      86 |   0.0 |       0 |      25 |   0.0 |  1207
           D:3 |       0 |     299 |   0.0 |       0 |      36 |   0.0 |  1544
           D:4 |       0 |     281 |   0.0 |       0 |      10 |   0.0 |   671
               +---------+---------+-------+---------+---------+-------+---------
